Description

FeelsTvPMan

Replay - Kairos_Junction_LE_75

Build Order

Get SALT Encoding   

  12  0:00  SCV  
  13  0:13  SCV  
  14  0:17  Supply Depot  
  14  0:25  SCV  
  15  0:38  SCV  
  15  0:40  Barracks  
  16  0:44  Refinery  
  16  0:50  SCV  
  17  1:02  SCV  
  18  1:15  SCV  
  19  1:26  Reaper  
  19  1:27  Orbital Command  
  20  1:41  Command Center  
  20  1:49  Supply Depot  
  20  1:52  SCV  
  21  1:58  Marine  
  22  2:04  SCV  
  23  2:11  Bunker  
  23  2:14  Factory  
  23  2:17  SCV  
  23  2:21  Barracks Reactor  
  24  2:26  Refinery  
  26  2:55  Orbital Command  
  26  2:58  Marine x2  
  27  2:59  Widow Mine  
  27  3:00  Starport  
  31  3:16  Marine x2  
  33  3:23  Widow Mine  
  33  3:25  Supply Depot  
  37  3:33  Barracks  
  39  3:37  Marine x2  
  41  3:43  Supply Depot  
  41  3:57  Marine x2  
  41  3:58  Factory Tech Lab  
  41  4:01  Medivac  
  47  4:15  Refinery  
  49  4:18  Barracks  
  49  4:19  Engineering Bay  
  49  4:20  Siege Tank  
  49  4:23  Barracks Tech Lab  
  54  4:32  Supply Depot  
  54  4:36  Starport Tech Lab  
  54  4:40  Marine  
  54  4:43  Stimpack  
  59  4:49  Refinery  
  61  4:57  Siege Tank  
  66  5:08  Starport Reactor  
  70  5:24  Marauder x2  
  74  5:29  Terran Infantry Weapons Level 1  
  74  5:32  Siege Tank  
  79  5:44  Combat Shield  
  83  5:51  Medivac  
  85  5:57  Medivac  
  89  6:06  Marauder x2  
  89  6:10  Liberator x2  
  96  6:21  Missile Turret  
  100  6:37  Marauder  
  102  6:49  Marauder  
  98  6:58  Marauder  
  98  7:00  Siege Tank  
  103  7:05  Concussive Shells  
  103  7:06  Liberator x2  
  101  7:11  Marauder  
  103  7:20  Command Center  
  90  7:45  Marauder x2  
  96  7:51  Liberator x2  
  94  8:04  Barracks x2  
  97  8:25  Terran Infantry Armor Level 1  
  100  8:37  Liberator  
  100  8:40  Factory Reactor  
  107  8:50  Orbital Command  
  107  8:54  Medivac  
  112  8:56  Barracks Tech Lab  
  112  8:57  Barracks Reactor  
  112  9:01  Refinery  
  115  9:11  Ghost Academy  
  115  9:17  Missile Turret x3  
  115  9:18  Widow Mine x2  
  115  9:22  Liberator x2  
  121  9:25  Refinery  
  123  9:42  Ghost x2  
  132  9:50  Ghost  
  136  9:56  Command Center  
Spawning Tool Build Advisor. Get it on Overwolf

Go to:

Details

  • Created by: Aggression
  • Published on: Apr 04, 2019
  • Modified on: Apr 04, 2019
  • Patch: 4.7.1
Show
View Real Time Build Order
Export as new Build Order

Comments (0)

There are no comments. Be the first!

Create an account to comment!